 Dungeon Crawl Stone Soup version 0.28-a0-793-g31680bbd8b (webtiles) character file.

Game seed: 17813350260349816059

36 AarnesTheHuman the Skirmisher (level 3, 0/30 HPs)
             Began as a Merfolk Fighter on Nov 4, 2021.
             Slain by Sigmund (9 damage)
             ... on level 2 of the Dungeon.
             The game lasted 00:01:50 (1178 turns).

AarnesTheHuman the Skirmisher (Merfolk Fighter)     Turns: 1178, Time: 00:01:50

Health: 0/30       AC:  6    Str: 17    XL:     3   Next: 37%
Magic:  3/3        EV:  9    Int:  7    God:
Gold:   55         SH:  5    Dex: 13    Spells: 2/2 levels left

rFire   . . .      SeeInvis .   a - +0 trident
rCold   . . .      Faith    .   c - +0 buckler
rNeg    . . .      Spirit   .   b - +0 scale mail
rPois   .          Reflect  .   (no helmet)
rElec   .          Harm     .   (no cloak)
rCorr   .          Rampage  .   (no gloves)
Will    .....                   (no boots)
Stlth   ..........              (no amulet)
HPRegen 0.10/turn               (no ring)
MPRegen 0.08/turn               (no ring)

@: no status effects
A: (nimble swimmer 2), mertail
a: no special abilities


You were on level 2 of the Dungeon.
You visited 1 branch of the dungeon, and saw 2 of its levels.

You collected 55 gold pieces.

Inventory:

Hand Weapons
 a - a +0 trident (weapon)
Missiles
 l - 63 stones (quivered)
 q - 9 sling bullets
Armour
 b - a +0 scale mail (worn)
 c - a +0 buckler (worn)
Jewellery
 o - an amulet of the acrobat
 r - a ring of protection from cold
Scrolls
 e - a scroll of silence {unknown}
 h - 2 scrolls of identify {unknown}
 n - a scroll of amnesia {unknown}
 p - a scroll of torment {unknown}
 s - a scroll of enchant weapon {unknown}
Potions
 d - a potion of might
 f - a potion of haste {unknown}
 g - a potion of curing {unknown}
 i - a potion of resistance {unknown}
 j - a potion of cancellation {unknown}
 k - a potion of heal wounds {unknown}
 m - a potion of attraction {unknown}


   Skills:
 + Level 3.8 Fighting
 + Level 3.7 Polearms
 + Level 2.4 Armour
 + Level 3.3 Shields


You had 2 spell levels left.
You didn't know any spells.
Your spell library contained the following spells:

 Spells                   Type           Power      Damage    Failure   Level
 Sublimation of Blood     Necr           0%         N/A       95%         2
 Wereblood                Tmut           0%         N/A       95%         2
 Summon Hydra             Summ           0%         N/A       100%        7


Dungeon Overview and Level Annotations

Branches:
Dungeon (2/15)

Altars:

Annotations:
D:2 Sigmund


Innate Abilities, Weirdness & Mutations

((You are quick and stealthy near water. (Stealth+, EV+, Speed+++)))
Your lower body shifts to a powerful aquatic tail in water.


Message History

Sigmund is lightly wounded.
You reach to attack!
You puncture Sigmund!
Sigmund is moderately wounded.
Sigmund points at you and mumbles some strange words.
The puff of flame hits you!
* * * LOW HITPOINT WARNING * * *
Sigmund barely misses you.
You are too injured to fight recklessly!
You are too injured to fight recklessly!
Reach: a) +0 trident
Press: ? - help, Dir - move target, f/p - Sigmund
Aim: Sigmund, wielding a +2 scythe of flaming and wearing a +1 robe of positive energy (moderately wounded, about 47% to evade your +0 trident)
You reach to attack!
You hit Sigmund.
Sigmund is heavily wounded.
Reach: a) +0 trident
Press: ? - help, Dir - move target, f/p - Sigmund
Aim: Sigmund, wielding a +2 scythe of flaming and wearing a +1 robe of positive energy (heavily wounded, about 47% to evade your +0 trident)
You reach to attack!
You hit Sigmund.
Sigmund is heavily wounded.
Sigmund closely misses you.
Reach: a) +0 trident
Press: ? - help, Dir - move target, f/p - Sigmund
Aim: Sigmund, wielding a +2 scythe of flaming and wearing a +1 robe of positive energy (heavily wounded, about 47% to evade your +0 trident)
You reach to attack!
You hit Sigmund but do no damage.
Sigmund is heavily wounded.
Sigmund casts a spell at you. The puff of flame misses you.
Reach: a) +0 trident
Press: ? - help, Dir - move target, f/p - Sigmund
Aim: Sigmund, wielding a +2 scythe of flaming and wearing a +1 robe of positive energy (heavily wounded, about 47% to evade your +0 trident)
You reach to attack!
You hit Sigmund.
Sigmund is severely wounded.
Sigmund misses you.
Reach: a) +0 trident
Press: ? - help, Dir - move target, f/p - Sigmund
Aim: Sigmund, wielding a +2 scythe of flaming and wearing a +1 robe of positive energy (severely wounded, about 47% to evade your +0 trident)
You reach to attack!
You hit Sigmund.
Sigmund is almost dead.
Sigmund hits you from afar with a +2 scythe of flaming!
You die...

##.#.#.##..####.#'####+
#................###..
#...#...............<.
#...#.###...##.#####..
#.....###...##.#####..
....................+..
###.###.###...########..
###.###............. #..
#....@.@###......... ...
#.......# #.#######. ...
#........ #.#
#.......#.#.#
#.......#.#.# #........
#.# #......## #.#
#...... ..


You could see Sigmund.

Vanquished Creatures
  A gnoll (D:1)
  2 dart slugs
  2 endoplasms
  A giant cockroach (D:2)
  2 goblins (D:1)
  2 jackals (D:1)
  2 quokkas (D:1)
  4 ball pythons
  3 bats
  A kobold (D:1)
  2 rats (D:1)
22 creatures vanquished.

Notes
Turn   | Place    | Note
-------+----------+-------------------------------------------
     0 | D:1      | AarnesTheHuman the Merfolk Fighter began the quest for the
                  | Orb.
     0 | D:1      | Reached XP level 1. HP: 18/18 MP: 1/1
   147 | D:1      | Reached XP level 2. HP: 22/24 MP: 2/2
   385 | D:1      | Reached XP level 3. HP: 13/30 MP: 3/3
  1064 | D:2      | Noticed a black bear
  1121 | D:2      | Found a faded altar of an unknown god.
  1163 | D:2      | Noticed Sigmund
  1178 | D:2      | Slain by Sigmund

Illustrated notes

Levels and vault maps discovered:
D:1:      lightli_arrival_statue_moat, layout_basic, kennysheep_doodads
D:2:      layout_basic, basic_ecumenical_altar, uniq_sigmund, uniq_natasha,
          uniq_terence

Action                   || total
-------------------------++-------
Melee: Trident           ||    76
Armor: Scale mail        ||    21
Dodge: Dodged            ||    32
Block: Buckler           ||    13

Table legend: (Time is in decaauts)
 A = Elapsed time spent in this place.
 B = Non-inter-level travel time spent in this place.
 C = Inter-level travel time spent in this place.
 D = Time resting spent in this place.
 E = Time spent auto-exploring this place.
 F = Levels seen in this place.
 G = Mean time per level.
                   A        B        C        D        E       F      G
               +--------+--------+--------+--------+--------+-----+--------+
         Total |   1191 |   1101 |     90 |    162 |    753 |   2 |  595.5 |
       Dungeon |   1191 |   1101 |     90 |    162 |    753 |   2 |  595.5 |
               +--------+--------+--------+--------+--------+-----+--------+

Top non-repeatable levels by time:
     D:1: 1092 daAuts
     D:2: 98 daAuts
